 Dungeon Crawl Stone Soup version 0.31.0-9-g3a7656b989 (webtiles) character file.

Game seed: 14838670586819610221

76 qw the Shooter (level 4, 0/22 HPs)
             Began as a Spriggan Hunter on Feb 2, 2024.
             Incinerated by a bombardier beetle (5 damage)
             ... with a burning spray
             ... on level 3 of the Dungeon.
             The game lasted 00:00:03 (989 turns).

qw the Shooter (Spriggan Hunter)                     Turns: 989, Time: 00:00:04

Health: 0/22       AC:  3    Str:  7    XL:     4   Next: 12%
Magic:  5/5        EV: 19    Int: 10    God:
Gold:   69         SH:  0    Dex: 20    Spells: 3/3 levels left

rFire   . . .        d - +1 orcbow
rCold   + . .        (shield currently unavailable)
rNeg    . . .        c - +0 robe
rPois   .            (helmet restricted)
rElec   .            f - +0 cloak
rCorr   .            (gloves unavailable)
SInv    +            (boots unavailable)
Will    .....        k - amulet of regeneration
Stlth   +            g - ring of protection from cold
HPRegen 1.03/turn    (no ring)
MPRegen 0.09/turn

%: no passive effects
@: on fire, glowing, very quick
A: very small, no large weapons, unfitting armour, see invisible, speed 3
a: no special abilities


You were on level 3 of the Dungeon.
You visited 1 branch of the dungeon, and saw 3 of its levels.

You collected 123 gold pieces.
You spent 54 gold pieces at shops.


Innate Abilities, Weirdness & Mutations

You are very small and have problems with some larger weapons.
You are too small for most types of armour.
You have supernaturally acute eyesight. (SInv)
You cover ground extremely quickly. (Speed+++)


   Skills:
 - Level 1.5 Fighting
 - Level 5.2 Ranged Weapons
 + Level 4.0 Dodging
 - Level 1.5 Stealth


You had 3 spell levels left.
You didn't know any spells.
Your spell library was empty.

Inventory:

Hand Weapons
 d - a +1 orcbow (weapon)
Armour
 c - a +0 robe (worn)
 f - a +0 cloak (worn)
Jewellery
 g - a ring of protection from cold (left hand)
 k - an amulet of regeneration (around neck)
Scrolls
 b - a scroll of teleportation {unknown}
Potions
 a - 2 potions of curing
 e - a potion of haste

Dungeon Overview and Level Annotations

Branches:
Dungeon (3/15)

Altars:

Shops:
D:1 ![[[


Message History

You shoot an arrow.
The arrow hits the bombardier beetle but does no damage.
You shoot an arrow.
The arrow hits the bombardier beetle but does no damage.
You shoot an arrow.
The arrow hits the bombardier beetle but does no damage.
You shoot an arrow.
The arrow barely misses the bombardier beetle.
The bombardier beetle sprays incendiary fluid at you.
The burning spray hits you.
You are covered in liquid fire!
You shoot an arrow.
The arrow barely misses the bombardier beetle.
The liquid fire burns you!
You shoot an arrow. The arrow hits the bombardier beetle!
The bombardier beetle is severely wounded.
The liquid fire burns you!
You shoot an arrow.
The arrow barely misses the bombardier beetle.
The liquid fire burns you!
You shoot an arrow.
The arrow completely misses the bombardier beetle.
The liquid fire burns you!
984 ||| DRINKING potion of heal wounds.
You feel much better. The liquid fire burns you!
The bombardier beetle completely misses you.
You shoot an arrow. The arrow hits the bombardier beetle!
You kill the bombardier beetle!
The liquid fire burns you!
Your Ranged Weapons skill increases to level 5!
You have reached level 4!
You are on fire!
The liquid fire burns you!
You are on fire!
The liquid fire burns you!
You are on fire!
The liquid fire burns you!
You are on fire!
The liquid fire burns you!
You die...

...####..[.# ..
...........#...
..........#.#
#..........
#.......$###.
#............
#......>..#
##.%..@.#
#.......#
#.......#
#....####
#....#
#..#######....#
#............#
####.........#
#......####


There were no monsters in sight!

Vanquished Creatures
  A bombardier beetle (D:3)
  2 adders (D:2)
  6 ball pythons
  3 endoplasms
  2 giant cockroaches
  2 goblins (D:1)
  2 quokkas
  2 bats
  A frilled lizard (D:1)
  2 rats
23 creatures vanquished.

Notes
Turn   | Place    | Note
-------+----------+-------------------------------------------
     0 | D:1      | qw the Spriggan Hunter began the quest for the Orb.
     0 | D:1      | Reached XP level 1. HP: 10/10 MP: 2/2
     0 | D:1      | 0 ||| qw: Version: 0.3-a-155-g5e7d8dd
     0 | D:1      | 0 ||| qw: Game counter: 1734
     0 | D:1      | 0 ||| qw: Melee chars always use a shield: true
     0 | D:1      | 0 ||| qw: God list: Okawaru
     0 | D:1      | 0 ||| qw: Allow faded altars: false
     0 | D:1      | 0 ||| qw: Do Orc after clearing Dungeon:15 true
     0 | D:1      | 0 ||| qw: Do second Lair branch before Depths: true
     0 | D:1      | 0 ||| qw: Lair rune preference: random
     0 | D:1      | 0 ||| qw: Goals: Normal
     0 | D:1      | 0 ||| PLANNING D:1-11
    28 | D:1      | 28 ||| SWAPPING to +0 orcbow.
    30 | D:1      | 30 ||| DROPPING +0 shortbow.
    37 | D:1      | Reached skill level 3 in Dodging
    73 | D:1      | Found Ycoich Toho's Antique Armour Emporium.
    77 | D:1      | 77 ||| SHOPLISTING shimmering robe (131 gold, have 43).
   125 | D:1      | Found Jucoun Nysi's Antique Armour Boutique.
   135 | D:1      | 135 ||| SHOPLISTING embroidered hat (133 gold, have 43).
   135 | D:1      | 135 ||| SHOPLISTING ichor-stained robe (108 gold, have 43).
   224 | D:1      | Found Ofeps's Armour Boutique.
   233 | D:1      | Reached XP level 2. HP: 9/14 MP: 3/3
   257 | D:1      | 257 ||| BUYING +0 cloak (54 gold).
   257 | D:1      | Bought a +0 cloak for 54 gold pieces
   440 | D:1      | Found Qiypseov's Distillery.
   448 | D:1      | 448 ||| SHOPLISTING potion of haste (130 gold, have 50).
   448 | D:1      | 448 ||| SHOPLISTING potion of heal wounds (65 gold, have
                  | 50).
   448 | D:1      | 448 ||| SHOPLISTING potion of might (52 gold, have 50).
   500 | D:1      | 500 ||| UPGRADING to +0 cloak.
   505 | D:1      | 505 ||| UPGRADING to amulet of regeneration.
   510 | D:1      | 510 ||| READING scroll labelled ABAEHE KIUREIN.
   611 | D:1      | 611 ||| READING scroll labelled KIMNAN NORPH.
   611 | D:1      | 611 ||| IDENTIFYING inky potion
   612 | D:1      | 612 ||| READING scroll labelled HIETA UCISYTUWIAS.
   613 | D:1      | 613 ||| READING scroll labelled DITIV YLOIPYB.
   613 | D:1      | 613 ||| ENCHANTING +0 orcbow.
   614 | D:1      | 614 ||| DRINKING 2 purple potions.
   615 | D:1      | 615 ||| DROPPING scroll of butterflies.
   707 | D:2      | Reached XP level 3. HP: 18/18 MP: 4/4
   707 | D:2      | Found a faded altar of an unknown god.
   833 | D:2      | 833 ||| UPGRADING to ring of protection from cold.
   834 | D:2      | 834 ||| READING scroll of identify.
   834 | D:2      | 834 ||| IDENTIFYING fuming orange potion
   835 | D:2      | 835 ||| READING scroll labelled IJUGUZ PAZOER.
   957 | D:2      | You fall into a shaft and drop 1 floor!
   983 | D:3      | HP: 3/18 [burnt (4)]
   984 | D:3      | 984 ||| DRINKING potion of heal wounds.
   986 | D:3      | Reached skill level 5 in Ranged Weapons
   986 | D:3      | Reached XP level 4. HP: 15/22 MP: 5/5
   988 | D:3      | HP: 4/22 [burnt (6)]
   989 | D:3      | Incinerated by a bombardier beetle

Levels and vault maps discovered:
D:1:      minmay_arrival_hallway, layout_rooms, serial_shops,
          nicolae_shop_back_alley_shop, shop, nicolae_shop_stone, shop
D:2:      layout_basic, nicolae_ecumenical_oubliette
D:3:      layout_basic, minmay_hedge_maze

Skill      XL: |  1  2  3 |
---------------+----------+-----
Dodging        | 3 4 |  4.0
Ranged Weapons | 5 |  5.2
Fighting       | |  1.5
Stealth        | |  1.5

Action                     |  1- 3 |  4- 6 || total
---------------------------+-------+-------++-------
   Fire: Orcbow            |    63 |       ||    63
    Use: Scroll            |     6 |       ||     6
         Potion            |     2 |       ||     2
 Armour: Robe              |     7 |       ||     7
  Dodge: Dodged            |    19 |       ||    19

Table legend:
 A = Non-vault XP
 B = Vault XP
 C = Vault XP percentage of total XP
 D = Non-vault monster count
 E = Vault monster count
 F = Vault count percentage of total count
                 A         B        C        D         E       F
            +---------+---------+-------+---------+---------+-------
      Total |     109 |       0 |   0.0 |      23 |       0 |   0.0
            +---------+---------+-------+---------+---------+-------
        D:1 |      20 |       0 |   0.0 |      11 |       0 |   0.0
        D:2 |      39 |       0 |   0.0 |       9 |       0 |   0.0
        D:3 |      50 |       0 |   0.0 |       3 |       0 |   0.0
            +---------+---------+-------+---------+---------+-------
